3L
KINGSTON TOWNSHIP KNIGHTS @ CLEVELAND BROWNS
08/02/2037
 
TOP OF THE 1ST
Kingston Township Knights batting - Pitching for Cleveland Browns : RHP Mark Erwin
Pitching: RHP Mark Erwin
Batting: RHB Takenao Wakabayashi 0-0: Foul Ball, location: 2F
0-1: Ball
1-1: Ball
2-1: Called Strike
2-2: Foul Ball, location: 2F
2-2: SINGLE (Flyball, 89M, EV 90.6 MPH)
Batting: RHB Holden Ford 0-0: Called Strike
0-1: Foul Ball, location: 2F
0-2: Fly out, F7 (Flyball, 7, EV 86.2 MPH)
Batting: LHB Ed Mellor 0-0: Ball
1-0: Ball
2-0: Ball
3-0: Foul Ball, location: 2F
3-1: Foul Ball, location: 2F
3-2: SINGLE (Line Drive, 7LS, EV 103.8 MPH)
Takenao Wakabayashi to second
Takenao Wakabayashi to third
Batting: RHB Ron Bernard 0-0: Called Strike
0-1: Ball
1-1: Ball
2-1: Ball
3-1: Base on Balls
Ed Mellor to second
Batting: LHB Kyoji Hakoda 0-0: Ball
1-0: Ball
2-0: Swinging Strike
2-1: Ball
3-1: Foul Ball, location: 2F
3-2: Foul Ball, location: 2F
3-2: Foul Ball, location: 2F
3-2: Strikes out swinging
Batting: RHB Alfredo Cardenas 0-0: Ball
1-0: Ground out 5-3 (Groundball, 56S, EV 72.5 MPH)
Top of the 1st over - 0 runs, 2 hits, 0 errors, 3 left on base; Kingston Township 0 - Cleveland 0
BOTTOM OF THE 1ST
Cleveland Browns batting - Pitching for Kingston Township Knights : RHP Jeffrey van Veldhuizen
Pitching: RHP Jeffrey van Veldhuizen
Batting: SHB Esteban Piñeiro 0-0: Ball
1-0: SINGLE (Groundball, 6D, EV 95.6 MPH)
Batting: LHB Shigenobu Ohayashi 0-0: Ball
1-0: Called Strike
Esteban Piñeiro steals 2nd base
1-1: Foul Ball, location: 2F
1-2: Foul Ball, location: 2F
1-2: Ball
2-2: Ball
3-2: Foul Ball, location: 2F
3-2: Fly out, F9 (Flyball, 89S, EV 90.6 MPH)
Batting: RHB Rob Brooks 0-0: Called Strike
0-1: Ball
1-1: Ball
2-1: SINGLE (Groundball, 56D, EV 94.4 MPH)
Esteban Piñeiro to third
Runner from 3rd tries for Home, SAFE, throw by LF to home
Rob Brooks to second
Batting: LHB Henry Madore 0-0: Ball
1-0: SINGLE (Groundball, 34D, EV 108.1 MPH)
Rob Brooks to third
Runner from 3rd tries for Home, SAFE, no throw by RF
Batting: SHB Galtero Suárez 0-0: Ball
1-0: Ball
2-0: Called Strike
2-1: Swinging Strike
2-2: Foul Ball, location: 2F
2-2: Ball
3-2: Base on Balls
Henry Madore to second
Batting: RHB Hirohisa Ogasawara 0-0: Ball
1-0: Ball
2-0: 3-RUN HOME RUN (Flyball, 7LD, EV 95.6 MPH), Distance : 367 ft
Batting: LHB António González 0-0: Ball
1-0: Ball
2-0: Ball
3-0: Base on Balls
Batting: RHB Edgar Baeza 0-0: Called Strike
0-1: Foul Ball, location: 2F
0-2: Ball
1-2: Strikes out swinging
Batting: SHB Eugene Clutch 0-0: Ball
1-0: Fly out, F6 (Line Drive, 6, EV 68.8 MPH)
Bottom of the 1st over - 5 runs, 4 hits, 0 errors, 1 left on base; Kingston Township 0 - Cleveland 5
TOP OF THE 2ND
Kingston Township Knights batting - Pitching for Cleveland Browns : RHP Mark Erwin
Batting: RHB Scott Robertson 0-0: Called Strike
0-1: Called Strike
0-2: Foul Ball, location: 2F
0-2: Ball
1-2: Ground out 6-3 (Groundball, 6, EV 83.8 MPH)
Batting: RHB Alejandro Serrato 0-0: Called Strike
0-1: Swinging Strike
0-2: Ball
1-2: SINGLE (Groundball, 6, EV 81.2 MPH) (infield hit)
Batting: RHB Pancho Rodríguez 0-0: Ball
1-0: Ball
Wild Pitch!
Alejandro Serrato to second
2-0: Foul Ball, location: 2F
2-1: Foul Ball, location: 2F
2-2: Ball
3-2: Foul Ball, location: 2F
3-2: Strikes out looking
Batting: RHB Takenao Wakabayashi 0-0: Ball
1-0: Ball
2-0: Foul Ball, location: 2F
2-1: Swinging Strike
2-2: Foul Ball, location: 2F
2-2: Strikes out swinging
Top of the 2nd over - 0 runs, 1 hit, 0 errors, 1 left on base; Kingston Township 0 - Cleveland 5
BOTTOM OF THE 2ND
Cleveland Browns batting - Pitching for Kingston Township Knights : RHP Jeffrey van Veldhuizen
Batting: SHB Esteban Piñeiro 0-0: Foul Ball, location: 2F
0-1: Foul Ball, location: 2F
0-2: Ball
1-2: SINGLE (Groundball, 3, EV 84.4 MPH) (infield hit)
Batting: LHB Shigenobu Ohayashi 0-0: Ball
1-0: Fielders Choice at 2nd, 4-6 (Groundball, 4, EV 75.6 MPH)
Batting: RHB Rob Brooks 0-0: Swinging Strike
0-1: Fielders Choice at 2nd, 6-4 (Groundball, 6, EV 100.6 MPH)
Batting: LHB Henry Madore 0-0: Called Strike
0-1: Ball
Rob Brooks is caught stealing 2nd base 2-6
Bottom of the 2nd over - 0 runs, 1 hit, 0 errors, 0 left on base; Kingston Township 0 - Cleveland 5
TOP OF THE 3RD
Kingston Township Knights batting - Pitching for Cleveland Browns : RHP Mark Erwin
Batting: RHB Holden Ford 0-0: Ball
1-0: Foul Ball, location: 2F
1-1: Foul Ball, location: 2F
1-2: Strikes out swinging
Batting: LHB Ed Mellor 0-0: Foul Ball, location: 2F
0-1: Foul Ball, location: 2F
0-2: Ball
1-2: Ball
2-2: Fly out, F9 (Flyball, 89XD, EV 93.1 MPH)
Batting: RHB Ron Bernard 0-0: Called Strike
0-1: Foul Ball, location: 2F
0-2: Ball
1-2: Strikes out swinging
Top of the 3rd over - 0 runs, 0 hits, 0 errors, 0 left on base; Kingston Township 0 - Cleveland 5
BOTTOM OF THE 3RD
Cleveland Browns batting - Pitching for Kingston Township Knights : RHP Jeffrey van Veldhuizen
Batting: LHB Henry Madore 0-0: Ball
1-0: Called Strike
1-1: Fly out, F9 (Flyball, 9LS, EV 93.8 MPH)
Batting: SHB Galtero Suárez 0-0: Ball
1-0: Called Strike
1-1: Fly out, F8 (Flyball, 78M, EV 88.8 MPH)
Batting: RHB Hirohisa Ogasawara 0-0: Ball
1-0: Called Strike
1-1: Fly out, F8 (Flyball, 8LM, EV 79.4 MPH)
Bottom of the 3rd over - 0 runs, 0 hits, 0 errors, 0 left on base; Kingston Township 0 - Cleveland 5
TOP OF THE 4TH
Kingston Township Knights batting - Pitching for Cleveland Browns : RHP Mark Erwin
Batting: LHB Kyoji Hakoda 0-0: Ball
1-0: Fly out, F8 (Flyball, 78M, EV 89.4 MPH)
Batting: RHB Alfredo Cardenas 0-0: Ball
1-0: Foul Ball, location: 2F
1-1: Foul Ball, location: 2F
1-2: Ground out 5-3 (Groundball, 56S, EV 85.6 MPH)
Batting: RHB Scott Robertson 0-0: Foul Ball, location: 2F
0-1: Ball
1-1: Foul Ball, location: 2F
1-2: Foul Ball, location: 2F
1-2: Foul Ball, location: 2F
1-2: Foul Ball, location: 2F
1-2: Ball
2-2: Reached via error on a dropped throw from SS, E3 (Groundball, 6, EV 81.2 MPH)
Batting: RHB Alejandro Serrato Pickoff Throw to First - Out! 1-3
Top of the 4th over - 0 runs, 0 hits, 1 error, 0 left on base; Kingston Township 0 - Cleveland 5
BOTTOM OF THE 4TH
Cleveland Browns batting - Pitching for Kingston Township Knights : RHP Jeffrey van Veldhuizen
Batting: LHB António González 0-0: Ball
1-0: Called Strike
1-1: Called Strike
1-2: Ball
2-2: Foul Ball, location: 2F
2-2: Foul Ball, location: 2F
2-2: Ball
3-2: Base on Balls
Batting: RHB Edgar Baeza 0-0: Called Strike
0-1: Fly out, F8 (Flyball, 8RM, EV 90.0 MPH)
Batting: SHB Eugene Clutch 0-0: Ball
1-0: Foul Ball, location: 2F
1-1: Called Strike
1-2: Ball
2-2: Ball
3-2: Strikes out looking
Batting: SHB Esteban Piñeiro 0-0: Called Strike
0-1: Called Strike
0-2: Foul Ball, location: 2F
0-2: Ball
1-2: Strikes out swinging
Bottom of the 4th over - 0 runs, 0 hits, 0 errors, 1 left on base; Kingston Township 0 - Cleveland 5
TOP OF THE 5TH
Kingston Township Knights batting - Pitching for Cleveland Browns : RHP Mark Erwin
Batting: RHB Alejandro Serrato 0-0: Ball
1-0: Swinging Strike
1-1: Foul Ball, location: 2F
1-2: Ball
2-2: Fly out, F6 (Line Drive, 6, EV 68.1 MPH)
Batting: RHB Pancho Rodríguez 0-0: SINGLE (Line Drive, 6D, EV 100.0 MPH)
Batting: RHB Takenao Wakabayashi 0-0: Called Strike
Pancho Rodríguez steals 2nd base
0-1: Foul Ball, location: 2F
0-2: Ball
1-2: Strikes out swinging
Batting: RHB Holden Ford 0-0: Ball
1-0: Ball
2-0: Foul Ball, location: 2F
2-1: Ground out 6-3 (Groundball, 6S, EV 80.0 MPH)
Top of the 5th over - 0 runs, 1 hit, 0 errors, 1 left on base; Kingston Township 0 - Cleveland 5
BOTTOM OF THE 5TH
Cleveland Browns batting - Pitching for Kingston Township Knights : RHP Jeffrey van Veldhuizen
Batting: LHB Shigenobu Ohayashi 0-0: Ball
1-0: Ball
2-0: Called Strike
2-1: Foul Ball, location: 2F
2-2: Hit by Pitch
Batting: RHB Rob Brooks 0-0: Called Strike
0-1: Swinging Strike
0-2: Ball
1-2: Ball
2-2: Strikes out swinging
Batting: LHB Henry Madore 0-0: Ball
1-0: Fielders Choice at 2nd, 6-4 (Groundball, 6M, EV 86.2 MPH)
Batting: SHB Galtero Suárez 0-0: Called Strike
0-1: Ball
1-1: Ball
2-1: 2-RUN HOME RUN (Flyball, 9D, EV 95.6 MPH), Distance : 375 ft
Pitching: RHP Walid bin Amid
Batting: RHB Hirohisa Ogasawara 0-0: Swinging Strike
0-1: Ball
1-1: Ball
2-1: Ground out 5-3 (Groundball, 5S, EV 69.4 MPH)
Bottom of the 5th over - 2 runs, 1 hit, 0 errors, 0 left on base; Kingston Township 0 - Cleveland 7
TOP OF THE 6TH
Kingston Township Knights batting - Pitching for Cleveland Browns : RHP Mark Erwin
Batting: LHB Ed Mellor 0-0: Called Strike
0-1: Called Strike
0-2: Foul Ball, location: 2F
0-2: Ground out 1-3 (Groundball, 13, EV 70.6 MPH)
Batting: RHB Ron Bernard 0-0: Ball
1-0: Called Strike
1-1: Ball
2-1: Called Strike
2-2: SINGLE (Flyball, 89M, EV 84.4 MPH)
Batting: LHB Kyoji Hakoda 0-0: SINGLE (Groundball, 3D, EV 110.0 MPH)
Ron Bernard to second
Batting: RHB Alfredo Cardenas 0-0: Called Strike
0-1: Foul Ball, location: 2F
0-2: Ball
1-2: Strikes out looking
Batting: RHB Scott Robertson 0-0: Swinging Strike
0-1: DOUBLE (Line Drive, 89XD, EV 106.9 MPH)
Ron Bernard scores
Kyoji Hakoda to third
Runner from 3rd tries for Home, SAFE, no throw by CF
Pitching: RHP Alejandro Araya
Batting: RHB Alejandro Serrato 0-0: Ball
1-0: Foul Ball, location: 2F
1-1: Ball
2-1: Swinging Strike
2-2: Strikes out looking
Top of the 6th over - 2 runs, 3 hits, 0 errors, 1 left on base; Kingston Township 2 - Cleveland 7
BOTTOM OF THE 6TH
Cleveland Browns batting - Pitching for Kingston Township Knights : RHP Walid bin Amid
Batting: LHB António González 0-0: Foul Ball, location: 2F
0-1: Foul Ball, location: 2F
0-2: Ball
1-2: Strikes out swinging
Batting: RHB Edgar Baeza 0-0: Ground out 4-3 (Groundball, 4, EV 86.9 MPH)
Batting: SHB Eugene Clutch 0-0: Ball
1-0: DOUBLE (Line Drive, 7LM, EV 101.9 MPH)
Batting: SHB Esteban Piñeiro 0-0: Ball
1-0: Called Strike
1-1: Ball
2-1: Ground out 4-3 (Groundball, 34D, EV 105.6 MPH)
Bottom of the 6th over - 0 runs, 1 hit, 0 errors, 1 left on base; Kingston Township 2 - Cleveland 7
TOP OF THE 7TH
Kingston Township Knights batting - Pitching for Cleveland Browns : RHP Alejandro Araya
Batting: RHB Pancho Rodríguez 0-0: Ball
1-0: Fly out, F8 (Flyball, 8RD, EV 93.8 MPH)
Batting: RHB Takenao Wakabayashi 0-0: Swinging Strike
0-1: Ball
1-1: Called Strike
1-2: Ball
2-2: Strikes out swinging
Batting: RHB Holden Ford 0-0: Ball
1-0: Called Strike
1-1: Ball
2-1: Foul Ball, location: 2F
2-2: Ball
3-2: Strikes out looking
Top of the 7th over - 0 runs, 0 hits, 0 errors, 0 left on base; Kingston Township 2 - Cleveland 7
BOTTOM OF THE 7TH
Cleveland Browns batting - Pitching for Kingston Township Knights : RHP Walid bin Amid
Batting: LHB Shigenobu Ohayashi 0-0: Ball
1-0: Ball
2-0: Ball
3-0: Base on Balls
Batting: RHB Rob Brooks 0-0: Fielders Choice at 2nd, 5-4 (Groundball, 56, EV 81.2 MPH)
Batting: LHB Henry Madore 0-0: Swinging Strike
0-1: Swinging Strike
0-2: Strikes out swinging
Batting: SHB Galtero Suárez 0-0: Foul Ball, location: 2F
0-1: SINGLE (Groundball, 6, EV 80.6 MPH) (infield hit)
Rob Brooks to second
Batting: RHB Hirohisa Ogasawara 0-0: Ball
1-0: Ball
2-0: Fielders Choice at 2nd, 6-4 (Groundball, 56, EV 83.8 MPH)
Bottom of the 7th over - 0 runs, 1 hit, 0 errors, 2 left on base; Kingston Township 2 - Cleveland 7
TOP OF THE 8TH
Kingston Township Knights batting - Pitching for Cleveland Browns : RHP Alejandro Araya
Batting: LHB Ed Mellor 0-0: Foul Ball, location: 2F
0-1: SINGLE (Line Drive, 9LS, EV 96.9 MPH)
Batting: RHB Ron Bernard 0-0: Ball
1-0: Foul Ball, location: 2F
1-1: Ball
2-1: Ball
3-1: Called Strike
3-2: Base on Balls
Ed Mellor to second
Batting: LHB Kyoji Hakoda 0-0: Foul Ball, location: 2F
0-1: Ball
1-1: Foul Ball, location: 2F
1-2: Ball
2-2: Strikes out swinging
Batting: RHB Alfredo Cardenas 0-0: Ball
1-0: Foul Ball, location: 2F
1-1: Foul Ball, location: 2F
1-2: Strikes out looking
Batting: RHB Scott Robertson 0-0: Called Strike
0-1: Fly out, F3 (Popup, 3F, EV 73.8 MPH)
Top of the 8th over - 0 runs, 1 hit, 0 errors, 2 left on base; Kingston Township 2 - Cleveland 7
BOTTOM OF THE 8TH
Cleveland Browns batting - Pitching for Kingston Township Knights : RHP Walid bin Amid
Batting: LHB António González 0-0: Ball
1-0: Foul Ball, location: 2F
1-1: Ball
2-1: Ball
3-1: Base on Balls
Pitching: RHP António Rúbio
Batting: RHB Edgar Baeza 0-0: Ball
António González steals 2nd base
1-0: Ball
2-0: SINGLE (Line Drive, 7LS, EV 101.9 MPH)
António González to third
Batting: SHB Eugene Clutch 0-0: Called Strike
0-1: Foul Ball, location: 2F
0-2: Strikes out swinging
Batting: SHB Esteban Piñeiro 0-0: Foul Ball, location: 2F
0-1: Foul Ball, location: 2F
0-2: SINGLE (Groundball, 5D, EV 99.4 MPH)
António González scores
Edgar Baeza to second
Batting: LHB Shigenobu Ohayashi 0-0: Foul Ball, location: 2F
0-1: Fielders Choice at 2nd, 3-6 (Groundball, 3, EV 85.0 MPH)
Edgar Baeza to third
Batting: RHB Rob Brooks 0-0: Ball
1-0: Ball
2-0: Fly out, F6 (Popup, 56, EV 68.1 MPH)
Bottom of the 8th over - 1 run, 2 hits, 0 errors, 2 left on base; Kingston Township 2 - Cleveland 8
TOP OF THE 9TH
Kingston Township Knights batting - Pitching for Cleveland Browns : RHP Alejandro Araya
Batting: RHB Alejandro Serrato 0-0: Called Strike
0-1: Ball
1-1: Swinging Strike
1-2: Foul Ball, location: 2F
1-2: Ball
2-2: Ball
3-2: Foul Ball, location: 2F
3-2: Strikes out swinging
Pitching: RHP Toshiki Yokoyama
Batting: RHB Pancho Rodríguez 0-0: Swinging Strike
0-1: Foul Ball, location: 2F
0-2: Ball
1-2: Ball
2-2: Strikes out looking
Batting: RHB Takenao Wakabayashi 0-0: Ball
1-0: Ground out 4-3 (Groundball, 4S, EV 86.9 MPH)
Top of the 9th over - 0 runs, 0 hits, 0 errors, 0 left on base; Kingston Township 2 - Cleveland 8
Thursday, January 23rd, 2020 - OOTP Baseball 20.8 Build 74